 Seeded DCSS version 0.27.1-2-g3b301248ec (webtiles) character file.

Game seed: 17979796883088392625 (custom seed)

2 babuloseo the Skirmisher (level 1, -2/18 HPs)
             Began as a Human Monk on Sept 26, 2021.
             Slain by a jelly (3 damage)
             ... created by the player character
             ... on level 2 of the Dungeon.
             The game lasted 00:00:39 (87 turns).

babuloseo the Skirmisher (Human Monk)                 Turns: 87, Time: 00:00:40

Health: -2/18      AC:  2    Str: 11    XL:     1   Next: 44%
Magic:  1/1        EV: 13    Int: 10    God:
Gold:   0          SH:  0    Dex: 15    Spells: 0/0 levels left

rFire    . . .     SeeInvis .   a - +0 falchion
rCold    . . .     Faith    .   (no shield)
rNeg     . . .     Spirit   .   b - +0 robe
rPois    .         Reflect  .   (no helmet)
rElec    .         Harm     .   (no cloak)
rCorr    .         Rampage  .   (no gloves)
Will     .....                  (no boots)
Stlth    ++........             (no amulet)
HPRegen  0.06/turn              (no ring)
MPRegen  0.07/turn              (no ring)

@: no status effects
A: no striking features
a: no special abilities


You were on level 2 of the Dungeon.
You visited 1 branch of the dungeon, and saw 2 of its levels.

Inventory:

Hand Weapons
 a - a +0 falchion (weapon)
Armour
 b - a +0 robe (worn)
Jewellery
 c - an amulet of regeneration


   Skills:
 + Level 3.2 Fighting
 + Level 3.0 Long Blades
 + Level 3.0 Dodging
 + Level 2.0 Stealth


You couldn't memorise any spells.
You didn't know any spells.
Your spell library was empty.

Dungeon Overview and Level Annotations

Branches:
Dungeon (2/15)

Altars:
Jiyva


Message History

Uppercase [Y]es or [N]o only, please.
You cannot tell which god this altar belongs to.
Convert to them anyway?
Uppercase [Y]es or [N]o only, please.
You cannot tell which god this altar belongs to.
Convert to them anyway?
Uppercase [Y]es or [N]o only, please.
You cannot tell which god this altar belongs to.
Convert to them anyway? [Y]es or [N]o only, please.
You cannot tell which god this altar belongs to.
Convert to them anyway?
Uppercase [Y]es or [N]o only, please.
You cannot tell which god this altar belongs to.
Convert to them anyway?
Jiyva accepts your prayer! Jiyva welcomes you!
You can now request a jelly.
Jiyva grants you a jelly!
You swap places.
There is a dry fountain here.
You hear a distant slurping noise.
Are you sure you want to abandon this character and quit the game? (Confirm with "yes".)
Okay, then.
Okay, then.
Really renounce your faith, foregoing its fabulous benefits?
Are you sure?
You have lost your religion!
Jiyva does not appreciate desertion!
All of your fellow slimes turn on you.
The jelly quivers.
The jelly barely misses you. The jelly closely misses you.
You riposte.
You hit the jelly but do no damage. You hit the jelly.
Your hands burn!
The jelly is lightly wounded.
The jelly hits you.
You are splashed with acid!
* * * LOW HITPOINT WARNING * * *
You barely miss the jelly.
The jelly is lightly wounded.
The jelly barely misses you.
Unknown command.
You hit the jelly.
Your hands burn!
* * * LOW HITPOINT WARNING * * *
The jelly is heavily wounded.
The jelly hits you.
You die...

#..⌠.8#
#.⌠..######
#...#∩#8#.#
#.#8#_#...######
####..⌠.#....##
###8.⌠..#.....##
#..#...#.......#
#...###........#
#.......J@.....###
#.................
#..............##
##.........)..##
##..........##
#...##..#####
#...........#
#....##.###.g..
####.##.#########


You could see a jelly.

Vanquished Creatures
  A giant cockroach (D:2)
  A goblin (D:2)
2 creatures vanquished.

Notes
Turn   | Place    | Note
-------+----------+-------------------------------------------
     0 | D:1      | babuloseo the Human Monk began the quest for the Orb.
     0 | D:1      | Reached XP level 1. HP: 18/18 MP: 1/1
    68 | D:2      | Found a faded altar of an unknown god.
    76 | D:2      | Became a worshipper of Jiyva Jiddyc the Shapeless
    76 | D:2      | Reached * piety under Jiyva
    76 | D:2      | Reached ** piety under Jiyva
    83 | D:2      | Fell from the grace of Jiyva
    87 | D:2      | Slain by a jelly

Illustrated notes

Levels and vault maps discovered:
D:1:      minmay_arrival_cross, layout_loops_ring
D:2:      layout_rooms, shapermc_ecumenical_altar_venn

Action                   || total
-------------------------++-------
Melee: Falchion          ||     6
Invok: Renounce Religion ||     1
Armor: Robe              ||     1
Dodge: Dodged            ||     6
       Rpst.: Falchion   ||     2
